 Dungeon Crawl Stone Soup version 0.28.0 (webtiles) character file.

Game seed: 7008674182907542682

34 crazypyro the Digger (level 3, -2/19 HPs)
             Began as a Tengu Earth Elementalist on Feb 9, 2022.
             Slain by a gnoll (7 damage)
             ... on level 2 of the Dungeon.
             The game lasted 00:01:51 (1485 turns).

crazypyro the Digger (Tengu Earth Elementalist)     Turns: 1485, Time: 00:01:52

Health: -2/19      AC:  2    Str: 14    XL:     3   Next: 31%
Magic:  6/7        EV: 12    Int: 17    God:
Gold:   62         SH:  0    Dex: 14    Spells: 2/6 levels left

rFire   . . .      SeeInvis .   (no weapon)
rCold   . . .      Faith    .   (no shield)
rNeg    . . .      Spirit   .   b - +0 robe
rPois   .          Reflect  .   (helmet restricted)
rElec   .          Harm     .   (no cloak)
rCorr   .          Rampage  .   (no gloves)
Will    .....                   (boots unavailable)
Stlth   ++........              (no amulet)
HPRegen 0.06/turn               f - +6 ring of strength
MPRegen 0.10/turn               (no ring)

@: no status effects
A: beak, talons 3
a: no special abilities


You were on level 2 of the Dungeon.
You visited 1 branch of the dungeon, and saw 2 of its levels.

You collected 62 gold pieces.

Inventory:

Missiles
 c - 24 stones
Armour
 b - a +0 robe (worn)
Jewellery
 f - a +6 ring of strength (left hand)
Scrolls
 d - a scroll of immolation {unknown}
Potions
 a - 2 potions of berserk rage {unknown}
 e - a potion of curing {unknown}
 g - a potion of resistance {unknown}


   Skills:
 - Level 2.2 Dodging
 - Level 2.0 Stealth
 - Level 2.4 Spellcasting
 * Level 0.0 Conjurations
 - Level 1.5 Transmutations
 + Level 2.5 Earth Magic


You had 2 spell levels left.
You knew the following spells:

 Your Spells              Type           Power      Damage    Failure   Level
a - Sandblast             Erth           20%        2d7       6%          1
b - Stone Arrow           Conj/Erth      12%        3d7       32%         3

Your spell library contained the following spells:

 Spells                   Type           Power      Damage    Failure   Level
 Passwall                 Tmut/Erth      7%         N/A       12%         2
 Petrify                  Tmut/Erth      9%         N/A       63%         4


Dungeon Overview and Level Annotations

Branches:
Dungeon (2/15)

Altars:


Innate Abilities, Weirdness & Mutations

You have a beak for a mouth.
You have claws for feet.


Message History

You kill the worm!
Things that are here:
a +0 club; a goblin corpse You see here a +0 flail.
You see here a worm corpse.
g - a brown potion A goblin comes into view.
It is wielding a +0 club.
Found a stone staircase leading down.
A goblin is nearby!
Found a mace.
The goblin shouts!
The blast of sand hits the goblin!
You kill the goblin!
This spell is potentially lethal to cast!
Memorise Stone Arrow, consuming 3 spell levels and leaving 2?
You start memorising the spell.
You continue memorising. x3
You finish memorising.
Spell assigned to 'b'.
Things that are here:
a +0 club; a goblin corpse
Found an escape hatch in the floor.
The gnoll shouts!
The blast of sand hits the gnoll.
The gnoll is moderately wounded.
A quokka comes into view.
The blast of sand hits the gnoll but does no damage.
The gnoll is moderately wounded.
The gnoll closely misses you.
The blast of sand hits the gnoll but does no damage.
The gnoll is moderately wounded.
The gnoll hits you with a +0 mace!
The blast of sand hits the gnoll but does no damage.
The gnoll is moderately wounded.
The gnoll hits you with a +0 mace!
* * * LOW HITPOINT WARNING * * *
The gnoll closely misses you.
You are too injured to fight recklessly!
The quokka twitches its whiskers.
The quokka twitches its whiskers.
The gnoll hits you with a +0 mace!
You die...

##..####.#.#............#
..........##†###...###.##
.##.#.......)##.....##.#
....#.#####).........#.#
###....#####...........#
#...............)...###
#....######..r........#
#.#.## ##.g.....##....
###.#.# ##.@...## ####
....#.# ##...## #####.#
##### #.# #.# #####.#
......# #######


You could see a gnoll and a quokka.

Vanquished Creatures
  A gnoll (D:2)
  A worm (D:2)
  A dart slug (D:2)
  An endoplasm (D:1)
  2 giant cockroaches (D:1)
  3 goblins
  A hobgoblin (D:1)
  3 jackals (D:1)
  A bat (D:2)
  A frilled lizard (D:1)
  3 kobolds (D:2)
  A rat (D:1)
19 creatures vanquished.

Notes
Turn   | Place    | Note
-------+----------+-------------------------------------------
     0 | D:1      | crazypyro the Tengu Earth Elementalist began the quest for
                  | the Orb.
     0 | D:1      | Reached XP level 1. HP: 10/10 MP: 4/4
   340 | D:1      | Reached skill level 1 in Transmutations
   351 | D:1      | Reached XP level 2. HP: 6/15 MP: 0/6
  1087 | D:2      | Reached XP level 3. HP: 12/19 MP: 3/7
  1437 | D:2      | Learned a level 3 spell: Stone Arrow
  1485 | D:2      | Slain by a gnoll

Illustrated notes

Levels and vault maps discovered:
D:1:      scummos_arrival_checkerplants, layout_basic,
          minmay_misc_feat_nine_boxes, minmay_misc_feat_rows,
          minmay_misc_feat_enclosed, nicolae_figureground_pulse
D:2:      layout_loops_ring, hellmonk_ecumenical_altar_arch_garden,
          kennysheep_generic_room_7

Skill      XL: |  1 |
---------------+----+-----
Transmutations | 1 |  1.5
Dodging        | |  2.2
Stealth        | |  2.0
Spellcasting   | |  2.4
Earth Magic    | |  2.5

Action                   || total
-------------------------++-------
 Cast: Sandblast         ||    41
Armor: Robe              ||     3
Dodge: Dodged            ||    21
